 Dungeon Crawl Stone Soup version 0.25.1-9-gc5326a611f (webtiles) character file.

Game seed: 15381761123855199733

31 Eitelfritz the Sneak (level 3, -1/20 HPs)
             Began as a Kobold Enchanter on Jan 6, 2021.
             Slain by Sigmund
             ... wielding a +0 scythe
              (11 damage)
             ... on level 2 of the Dungeon.
             The game lasted 00:06:13 (1346 turns).

Eitelfritz the Sneak (Kobold Enchanter)             Turns: 1346, Time: 00:06:13

Health: -1/20      AC:  3    Str:  6    XL:     3   Next: 40%
Magic:  6/6        EV: 15    Int: 16    God:
Gold:   54         SH:  0    Dex: 15    Spells: 0/6 levels left

rFire    . . .     SeeInvis .   a - +2 dagger (drain)
rCold    . . .     Gourm    .   (shield restricted)
rNeg     . . .     Faith    .   b - +0 robe
rPois    .         Spirit   .   (no helmet)
rElec    .         Reflect  .   (no cloak)
rCorr    .         Harm     .   (no gloves)
MR       .....                  n - +0 pair of boots
Stlth    +++.......             (no amulet)
HPRegen  0.06/turn              (no ring)
MPRegen  0.10/turn              (no ring)

@: lightly drained
A: small, carnivore
a: no special abilities


You were on level 2 of the Dungeon.
You were completely stuffed.

You visited 1 branch of the dungeon, and saw 2 of its levels.

You collected 54 gold pieces.

Inventory:

Hand Weapons
 a - a +2 dagger of draining (weapon)
 h - a +1 dagger
 i - a +0 short sword of speed
Armour
 b - a +0 robe (worn)
 n - a +0 pair of boots (worn)
Jewellery
 j - an uncursed ring of ice {unknown}
Scrolls
 f - a scroll of fog {unknown}
 k - a scroll of magic mapping {unknown}
 l - a scroll of teleportation {unknown}
 o - a scroll of identify {unknown}
Potions
 c - a potion of mutation {unknown}
 e - a potion of might {unknown}
 g - a potion of haste {unknown}
Comestibles
 d - 2 rations
 m - 4 chunks of flesh


   Skills:
 + Level 0.4 Fighting
 + Level 2.0 Short Blades
 + Level 2.5 Dodging
 + Level 4.8(4.7) Stealth
 + Level 2.3 Spellcasting
 + Level 3.3(3.2) Hexes
 + Level 0.2 Ice Magic


You couldn't memorise any spells.
You knew the following spells:

 Your Spells              Type           Power        Failure   Level  Hunger
a - Corona                Hex            ##.....      5%          1    #......
b - Ensorcelled Hibernat  Hex/Ice        #.....       16%         2    ###....
c - Tukima's Dance        Hex            ##......     16%         3    ###....

Your spell library contained the following spells:

 Spells                   Type           Power        Failure   Level  Hunger
 Confusing Touch          Hex            ##......     16%         3    ###....
 Dazzling Flash           Conj/Hex       #.....       30%         3    ###....


Dungeon Overview and Level Annotations

Branches:
Dungeon (2/15)

Altars:

Annotations:
D:2 Sigmund


Innate Abilities, Weirdness & Mutations

You are small and have problems with some larger weapons.
You are carnivorous and can eat meat at any time.


Message History

Sigmund shouts!
Sigmund gestures at you while chanting.
You are confused.
Found 3 scrolls labeled SEKEME QE JIA.
You're too confused to cast spells.
There isn't anything here!
You bump into the rock wall.
Sigmund casts a spell at you. The puff of flame misses you.
Sigmund gestures wildly while chanting.
Sigmund flickers and vanishes!
Deactivating autopickup; reactivate with Ctrl-A.
You bump into the rock wall.
You bump into the rock wall.
Something hits you!
Ouch! That really hurt!
You bump into the rock wall.
You feel less confused. Something hits you!
Ouch! That really hurt!
You die...

#?# #.# #.# #.#
#.# ######.#
#......##########
#..........#######
#@########........
#.# ...#.#######
#.# #.##.# #.#
#.##.##### #.#
#.##.#...# #.#
#.##.#(..### #.#
#.##>'...'.. #.#
#....#...###
+....#####


There were no monsters in sight!

Vanquished Creatures
  5 goblins (D:1)
  4 hobgoblins
  3 jackals (D:1)
  3 kobolds
  5 bats
  4 frilled lizards (D:1)
  5 rats (D:1)
29 creatures vanquished.

Notes
Turn   | Place    | Note
-------+----------+-------------------------------------------
     0 | D:1      | Eitelfritz the Kobold Enchanter began the quest for the
                  | Orb.
     0 | D:1      | Reached XP level 1. HP: 10/10 MP: 3/3
   104 | D:1      | Reached XP level 2. HP: 9/15 MP: 5/5
   108 | D:1      | Learned a level 2 spell: Ensorcelled Hibernation
   578 | D:1      | Reached XP level 3. HP: 17/19 MP: 3/6
   658 | D:1      | Learned a level 3 spell: Tukima's Dance
  1339 | D:2      | Noticed Sigmund
  1346 | D:2      | Slain by Sigmund

Illustrated notes

Levels and vault maps discovered:
D:1:      lemuel_arrival_lava_pool, layout_rooms
D:2:      layout_basic, uniq_sigmund

Skill      XL: |  1  2  3 |
---------------+----------+-----
Short Blades   | 2 |  2.0
Fighting       | |  0.4
Dodging        | |  2.5
Stealth        | |  4.8
Spellcasting   | |  2.3
Hexes          | |  3.3
Ice Magic      | |  0.2

Action                   || total
-------------------------++-------
Melee: Dagger            ||    86
 Cast: Ensorcelled Hiber ||    13
 Stab: Distracted        ||     1
       Sleeping          ||    14
  Eat: Chunk             ||    11
Armor: Robe              ||    14
Dodge: Dodged            ||    75
